 Seeded DCSS version 0.29.1-1-gd02db6906a (webtiles) character file.

Game seed: 9708579739092153053 (custom seed)

1628 GigaChad the Fighter (level 8, 0/75 HPs)
             Began as a Minotaur Fighter on Sept 16, 2022.
             Was a Follower of Trog.
             Slain by an orc warrior
             ... wielding a +0 long sword
              (3 damage)
             ... on level 7 of the Dungeon.
             The game lasted 00:10:51 (4068 turns).

GigaChad the Fighter (Minotaur Fighter)             Turns: 4068, Time: 00:10:51

Health: 0/75       AC: 13    Str: 22    XL:     8   Next: 65%
Magic:  7/7        EV:  8    Int:  5    God:    Trog [*.....]
Gold:   191        SH:  4    Dex: 11    Spells: 7/7 levels left

rFire   . . .      SeeInvis .   l - +2 demon blade (venom)
rCold   . . .      Faith    .   c - +0 buckler
rNeg    . . .      Spirit   .   k - +0 plate armour
rPois   .          Reflect  .   (helmet restricted)
rElec   .          Harm     .   (no cloak)
rCorr   .          Rampage  .   (no gloves)
Will    .....                   (no boots)
Stlth   ..........              (no amulet)
HPRegen 0.22/turn               m - ring of flight
MPRegen 0.10/turn               (no ring)

@: flying
A: horns 2, retaliatory headbutt
a: Renounce Religion, Berserk


You were on level 7 of the Dungeon.
You worshipped Trog.
Trog was aware of your devotion.
You visited 2 branches of the dungeon, and saw 8 of its levels.

You collected 191 gold pieces.

Inventory:

Hand Weapons
 a - a +0 long sword
 i - the +7 mace of the Maze {spect, rPois Will+ Str+2}
   (You found it on level 2 of the Dungeon)

   When its wielder attacks, the weapon's spirit leaps out and strikes again.
   The spirit shares a part of any damage it takes with its wielder.
   Str:       It affects your strength (+2).
   rPois:     It protects you from poison.
   Will:      It increases your willpower.
 l - a +2 demon blade of venom (weapon)
 n - the +11 long sword of Animal Spirits {drain, SInv}
   (You acquired it on level 3 of the Dungeon)

   A truly terrible weapon, it drains the life of any living foe it strikes.
   SInv:      It lets you see invisible.
Armour
 b - a +0 scale mail
 c - a +0 buckler (worn)
 k - a +0 plate armour (worn)
Jewellery
 m - a ring of flight (left hand)
Wands
 q - a wand of flame (4)
Scrolls
 e - 3 scrolls of blinking
 f - a scroll of teleportation {unknown}
 g - 4 scrolls of identify
 j - 2 scrolls of noise {unknown}
 p - a scroll of fear
 r - a scroll of immolation {unknown}
 t - a scroll of poison {unknown}
Potions
 d - a potion of might
 h - a potion of brilliance {unknown}
 o - a potion of haste {unknown}
 s - a potion of magic {unknown}


   Skills:
 - Level 8.5 Fighting
 - Level 2.4 Long Blades
 - Level 7.6 Armour
 + Level 7.5 Dodging
 - Level 3.7 Shields


You had 7 spell levels left.
You didn't know any spells.
Your spell library contained the following spells:

 Spells                   Type           Power      Damage    Failure   Level
 Necrotise                Necr           0%         1d4       100%        1
 Vampiric Draining        Necr           0%         2d6       100%        3
 Agony                    Necr           0%         N/A       100%        5


Dungeon Overview and Level Annotations

Branches:
Dungeon (7/15)             Temple (1/1) D:6

Altars:
Dithmenos
Elyvilon
Gozag
Kikubaaqudgha
Makhleb
Nemelex Xobeh
Okawaru
Trog
Vehumet
Xom
Yredelemnul
Zin
The Shining One

Annotations:
D:5 3 runed translucent doors, Hubris850's ghost, novice DrEE


Innate Abilities, Weirdness & Mutations

You have a pair of horns on your head.
You reflexively headbutt those who attack you in melee.


Message History

You feel a bit more experienced. The orc hits you with a +0 hand axe.
You slash the orc!
You kill the orc!
Trog accepts your kill. The orc hits you but does no damage.
You slash the orc!
You kill the orc!
Trog accepts your kill.
The orc priest attacks as you move away!
The orc priest hits you with a +0 short sword.
The orc priest attacks as you move away!
The orc priest barely misses you.
You feel less confused.
You closely miss the orc priest. You block the orc priest's attack.
You barely miss the orc priest. You headbutt the orc priest!
The orc priest is severely wounded.
The orc warrior hits you with a +0 long sword!
The orc priest calls down the wrath of Beogh upon you.
Beogh smites you!
The orc warrior hits you with a +0 long sword!
The orc priest invokes the aid of Beogh against you.
Pain shoots through your body!
You closely miss the orc priest. You headbutt the orc priest.
You kill the orc priest!
Trog accepts your kill.
The orc warrior hits you with a +0 long sword!
* * * LOW HITPOINT WARNING * * *
You block the orc warrior's attack.
Things that are here:
a +0 short sword; an orc corpse The orc warrior hits you with a +0 long sword.
* * * LOW HITPOINT WARNING * * *
The orc warrior hits you with a +0 long sword!
* * * LOW HITPOINT WARNING * * *
Things that are here:
a +0 short sword; an orc corpse You slash the orc warrior!
The orc warrior is moderately wounded.
The orc warrior hits you with a +0 long sword.
You die...

### #.# ... #####.###
#.. .... #.# #.[
#########.###.#
#.............#####.#
#.#######.##)@o.....#
#.# #.###.#####.# #.#
#.# #)# #.# #.# #)#
#.# #.# #.# #.# #.#
#.# #.# #.###.####..
#.# #...........o #.#
#####.#.##..o


You could see an orc warrior.

Vanquished Creatures
  Prince Ribbit (D:7)
  Grinder (D:6)
  Eustachio (D:6)
  2 water moccasins
  2 black bears (D:6)
  A phantom (D:6)
  A necrophage (D:5)
  A scorpion (D:5)
  A jelly (D:6)
  A hound (D:5)
  4 orc priests
  An iguana (D:6)
  6 orc wizards
  8 adders
  An ufetubus (D:5)
  2 worms
  A dart slug (D:5)
  20 orcs
  A ball python (D:3)
  2 bats (D:3)
  2 endoplasms (D:3)
  3 giant cockroaches
  5 goblins
  4 hobgoblins
  4 jackals (D:2)
  3 quokkas (D:6)
  2 frilled lizards
  3 kobolds
  3 rats
87 creatures vanquished.

Notes
Turn   | Place    | Note
-------+----------+-------------------------------------------
     0 | D:1      | GigaChad the Minotaur Fighter began the quest for the Orb.
     0 | D:1      | Reached XP level 1. HP: 19/19 MP: 0/0
   333 | D:1      | Reached skill level 1 in Dodging
   381 | D:2      | Reached XP level 2. HP: 20/27 MP: 1/1
   546 | D:2      | Identified the +7 mace of the Maze {spect, rPois Will+
                  | Str+2}
   934 | D:3      | Reached XP level 3. HP: 29/33 MP: 2/2
   961 | D:3      | Reached XP level 4. HP: 35/40 MP: 3/3
  1058 | D:3      | Identified 3 scrolls of acquirement
  1058 | D:3      | Acquired a ring of flight
  1061 | D:3      | Acquired the +11 long sword of Animal Spirits {drain, SInv}
  1065 | D:3      | Acquired a +2 demon blade of venom
  1711 | D:4      | Reached skill level 4 in Fighting
  2009 | D:5      | Entered Level 5 of the Dungeon
  2009 | D:5      | Noticed Hubris850's ghost (novice DrEE)
  2009 | D:5      | Found a runed translucent gate.
  2009 | D:5      | Found a runed translucent gate.
  2009 | D:5      | Found a runed translucent gate.
  2010 | D:5      | Noticed a kobold brigand
  2018 | D:5      | Reached XP level 5. HP: 47/47 MP: 4/4
  2072 | D:5      | Reached skill level 5 in Fighting
  2105 | D:5      | Reached skill level 6 in Fighting
  2105 | D:5      | Reached XP level 6. HP: 54/57 MP: 5/5
  2141 | D:6      | Reached skill level 7 in Fighting
  2390 | D:6      | Found a staircase to the Ecumenical Temple.
  2405 | Temple   | Entered the Ecumenical Temple
  2416 | Temple   | Became a worshipper of Trog the Wrathful
  2591 | D:6      | Noticed Eustachio
  2604 | D:6      | Killed Eustachio
  2605 | D:6      | Reached skill level 8 in Fighting
  2605 | D:6      | Reached XP level 7. HP: 28/69 MP: 6/6
  2842 | D:6      | Found a large runed translucent door.
  2843 | D:6      | Found a large runed translucent door.
  2848 | D:6      | Noticed Grinder
  2866 | D:6      | Killed Grinder
  3044 | D:6      | Found a radiant altar of Vehumet.
  3047 | D:6      | Found a basalt altar of Yredelemnul.
  3147 | D:6      | Reached XP level 8. HP: 43/75 MP: 7/7
  3794 | D:7      | Reached skill level 5 in Dodging
  3872 | D:7      | Noticed Prince Ribbit
  3896 | D:7      | Killed Prince Ribbit
  4057 | D:7      | Reached * piety under Trog
  4067 | D:7      | HP: 3/75 [orc warrior/+0 long sword (9)]
  4068 | D:7      | Slain by an orc warrior

Illustrated notes

Levels and vault maps discovered:
D:1:      matt_arrival_spirals, layout_loops_ring,
          chequers_ecumenical_altar_island, chequers_serial_rivers_room_b,
          minmay_misc_feat_nine_boxes
D:2:      layout_basic, chequers_serial_rivers_small_3
D:3:      layout_loops_ring
D:4:      layout_loops_corners, kennysheep_generic_room_5, uniq_robin
D:5:      kennysheep_kobold_camp, layout_cave_pools,
          gammafunk_ghost_nasty_kobolds, nicolae_fountain_basement
D:6:      minmay_evil_eye, layout_loops_ring, jmf_multi_god_temple2,
          temple_statues, gup_sewer_entry_bubbles, uniq_grinder, uniq_eustachio
D:7:      layout_loops_ring, worms_lemuel, uniq_prince_ribbit1
Temple:   hellmonk_temple_two_chambers

Skill      XL: |  1  2  3  4  5  6  7  8 |
---------------+-------------------------+-----
Dodging        | 1 3 4 7 |  7.5
Fighting       | 4 6 8 |  8.5
Armour         | 7 |  7.6
Long Blades    | |  2.4
Shields        | |  3.7

Action                   |  1- 3 |  4- 6 |  7- 9 || total
-------------------------+-------+-------+-------++-------
Melee: Long sword        |    25 |       |       ||    25
       Headbutt          |     7 |    12 |     9 ||    28
       Mace              |    16 |     8 |       ||    24
       Demon blade       |       |    69 |    98 ||   167
  Use: Scroll            |       |     5 |       ||     5
Armor: Scale mail        |    13 |       |       ||    13
       Plate armour      |     7 |    50 |    68 ||   125
Dodge: Dodged            |    24 |    30 |    45 ||    99
Block: Buckler           |     5 |    20 |    31 ||    56
